 Dungeon Crawl Stone Soup version 0.13.0-21-ge43020b (webtiles) character file.

3716 chacha the Grappler (level 10, -5/74 (77) HPs)
             Began as a Ghoul Monk on Oct 27, 2013.
             Was a Priest of Yredelemnul.
             Slain by a killer bee (9 damage)
             ... on Level 8 of the Dungeon.
             The game lasted 01:13:44 (9010 turns).

chacha the Grappler (Ghoul Monk)                    Turns: 9010, Time: 01:13:44

HP  -5/74 (77)   AC  2     Str 21      XL: 10   Next:  6%
MP   8/8         EV 15     Int  8      God: Yredelemnul [***...]
Gold 259         SH  0     Dex 11      Spells:  0 memorised,  9 levels left

Res.Fire  : . . .   See Invis. : .     - Unarmed
Res.Cold  : + . .   Warding    : .   a - +0 robe
Life Prot.: + + +   Conserve   : .   (no shield)
Res.Poison: +       Res.Corr.  : .   (no helmet)
Res.Elec. : .       Clarity    : .   (no cloak)
Sust.Abil.: . .     Spirit.Shd : .   (no gloves)
Res.Mut.  : .       Stasis     : .   (no boots)
Res.Rott. : +       Flight     : .   (no amulet)
Saprovore : + + +                    w - ring of protection from magic
                                     s - ring of Inkiut {Wiz +Rage}

@: mighty, rotting, quite resistant to hostile enchantments, fairly stealthy
A: rotting body, claws 1, carnivore 3, cold resistance 1, life protection 3,
poison resistance, saprovore 3, slow healing 1, torment resistance, unbreathing
a: Animate Dead, Recall Undead Slaves, Injury Mirror, Renounce Religion, Evoke
Berserk Rage


You were on level 8 of the Dungeon.
You worshipped Yredelemnul.
Yredelemnul was most pleased with you.
You were not hungry.

You visited 2 branches of the dungeon, and saw 9 of its levels.
You also visited: Ossuary.

You collected 259 gold pieces.

Inventory:

Hand weapons
 B - a +0 blowgun
Missiles
 j - 25 poisoned needles (quivered)
Armour
 a - a +0 robe (worn)
Magical devices
 C - a wand of disintegration (17)
 D - a wand of slowing (10) {unknown}
 I - a wand of magic darts (6)
Comestibles
 h - 2 meat rations
 r - a rotting chunk of giant gecko flesh
 E - a chunk of hobgoblin flesh
 F - a beef jerky
 K - 3 rotting chunks of worker ant flesh
 L - 2 rotting chunks of iguana flesh
Scrolls
 b - 4 scrolls of identify
 d - a scroll of remove curse
 e - 3 scrolls of teleportation {unknown}
 g - a scroll of blinking {unknown}
 i - 2 scrolls of immolation {unknown}
 k - a scroll of curse weapon {unknown}
 m - a scroll of enchant armour {unknown}
 o - 4 scrolls of enchant weapon II {unknown}
 q - a scroll of fog {unknown}
 u - a scroll of fear {unknown}
 v - 2 scrolls of amnesia {unknown}
 x - 2 scrolls of magic mapping {unknown}
 y - 2 scrolls of recharging {unknown}
 H - a scroll of noise {unknown}
Jewellery
 s - the ring of Inkiut (left claw) {Wiz +Rage}
   (You found it on level 4 of the Dungeon)

   [ring of wizardry]

   It lets you go berserk.
 w - a ring of protection from magic (right claw)
Potions
 c - 3 potions of curing
 f - 3 potions of restore abilities
 l - a potion of slowing {unknown}
 n - a potion of poison {unknown}
 z - a potion of brilliance {unknown}
 A - a potion of flight {unknown}
 G - a potion of berserk rage {unknown}
Books
 t - a book of Ice

   Spells                             Type                      Level
   Freezing Aura                      Charms/Ice                   2
   Ensorcelled Hibernation            Hexes/Ice                    2
   Ozocubu's Refrigeration            Ice                          6
   Bolt of Cold                       Conjuration/Ice              6
   Freezing Cloud                     Conjuration/Ice/Air          6
   Metabolic Englaciation             Hexes/Ice                    6
   Simulacrum                         Ice/Necromancy               6


   Skills:
 - Level 3.3 Fighting
 - Level 7.0 Dodging
 - Level 2.2 Stealth
 * Level 13.3 Unarmed Combat
 - Level 1.2 Invocations


You had 9 spell levels left.
You didn't know any spells.

Dungeon Overview and Level Annotations

Branches:
Dungeon (8/27)             Temple (1/1) D:6
    Orc: D:6-11        Lair: D:8-13

Altars:
Ashenzari
Cheibriados
Elyvilon
Fedhas
Kikubaaqudgha
Makhleb
Nemelex Xobeh
Okawaru
Sif Muna
Trog
Vehumet
Xom
Yredelemnul
Zin
the Shining One


Innate Abilities, Weirdness & Mutations

Your body is rotting away.
You have sharp fingernails.
You are carnivorous and can eat meat at any time.
Your flesh is cold resistant.
You are immune to negative energy.
Your system is resistant to poisons.
You thrive on rotten meat.
You heal slowly.
You are immune to unholy pain and torment.
You can survive without breathing.


Message History

Drink which item? (? for menu, Esc to quit)
You feel better. The killer bee stings you!
* * * LOW HITPOINT WARNING * * *
The killer bee misses you.
Evoke which item? (* to show all) (? for menu, Esc to quit)
Zapping:
C - a wand of disintegration (19)
Press: ? - help, Shift-Dir - straight line, f - killer bee
Aim: a killer bee (moderately wounded)
The killer bee struggles to resist.
This wand has 18 charges left.
The killer bee misses you. The killer bee stings you.
* * * LOW HITPOINT WARNING * * *
You smell something rotten. (slots K and L) Evoke which item? (* to show all) (? for menu, Esc to quit)
Zapping:
C - a wand of disintegration (18)
Press: ? - help, Shift-Dir - straight line, f/p - killer bee
Aim: a killer bee (moderately wounded)
The killer bee resists.
This wand has 17 charges left.
The killer bee stings you!
You die...
Yredelemnul claims you as an undead slave.

###
...
..#
#k#
#k#
#k#
#@####
#....#
####.#
#.#
#.#
#.#
#.#
#.#
#.#


You could see 3 killer bees.

Vanquished Creatures
  A hungry ghost (D:6)
  Edmund (D:7)
  Menkaure (Ossuary)
  The ghost of Bloax the Insei, an average GrTm (D:3)
  2 sky beasts (D:6)
  3 giant goldfish (D:6)
  4 ogres
  A centaur (D:7)
  A big kobold (D:7)
  Blork the orc (D:6)
  A giant frog (D:6)
  2 killer bees (D:8)
  A hippogriff zombie (D:6)
  3 jellyfish (D:6)
  An electric eel (D:6)
  A goliath beetle (D:6)
  2 orc priests
  A two-headed ogre zombie (D:6)
  2 hounds
  2 jellies (D:5)
  6 crimson imps
  Crazy Yiuf (D:3)
  7 big fish (D:6)
  4 iguanas
  2 scorpions
  2 worker ants
  2 orc wizards
  Ijyb (D:3)
  A sky beast zombie (D:5)
  3 mummies (Ossuary)
  11 adders
  A green rat (D:7)
  8 gnolls
  2 giant mites
  A goliath beetle zombie (D:6)
  4 worms
  An ufetubus (D:7)
  An iguana zombie (D:5)
  An adder skeleton (D:6)
  5 giant geckos
  13 orcs
  A ball python (D:6)
  5 bats
  A bat skeleton (D:5)
  7 giant cockroaches
  7 hobgoblins
  7 jackals
  3 quokkas
  A giant gecko zombie (D:5)
  7 giant newts
  A giant newt zombie (D:5)
  4 gnoll skeletons (Ossuary)
  5 gnoll zombies (Ossuary)
  16 goblins
  3 goblin skeletons (Ossuary)
  5 goblin zombies (Ossuary)
  3 hobgoblin skeletons
  6 hobgoblin zombies
  A jackal skeleton (D:5)
  15 kobolds
  2 kobold skeletons (Ossuary)
  4 kobold zombies (Ossuary)
  4 orc skeletons (Ossuary)
  2 orc zombies (Ossuary)
  A quokka zombie (D:6)
  5 rats
  4 rat skeletons (Ossuary)
  4 rat zombies
233 creatures vanquished.

Vanquished Creatures (collateral kills)
  Eustachio (D:7)
  A giant goldfish (D:6)
  An ogre (D:7)
  A crimson imp (D:7)
  A white imp (D:7)
  3 bats
8 creatures vanquished.

Vanquished Creatures (others)
  An adder skeleton (D:6)
  A giant newt skeleton (D:6)
  2 gnoll skeletons
  A goblin skeleton (Ossuary)
  A goblin zombie (Ossuary)
  A jackal skeleton (D:7)
  2 kobold skeletons
  2 kobold zombies (Ossuary)
  2 orc skeletons (Ossuary)
  An orc zombie (Ossuary)
  A rat skeleton (Ossuary)
  A rat zombie (Ossuary)
  A plant (D:5)
17 creatures vanquished.

Grand Total: 258 creatures vanquished

Notes
Turn   | Place    | Note
--------------------------------------------------------------
     0 | D:1      | chacha, the Ghoul Monk, began the quest for the Orb.
     0 | D:1      | Reached XP level 1. HP: 17/17 MP: 0/0
   256 | D:1      | Reached XP level 2. HP: 24/24 MP: 1/1
   538 | D:2      | Reached skill level 5 in Unarmed Combat
   538 | D:2      | Reached XP level 3. HP: 30/30 MP: 2/2
  1099 | D:2      | Reached XP level 4. HP: 37/37 MP: 2/2
  1368 | D:3      | Noticed Ijyb
  1469 | D:3      | Found an iron altar of Okawaru.
  1506 | D:3      | Reached skill level 6 in Unarmed Combat
  1515 | D:3      | Noticed Bloax's ghost (average GrTm)
  1551 | D:3      | Killed Bloax's ghost
  1551 | D:3      | Reached XP level 5. HP: 22/43 MP: 3/3
  1645 | D:3      | Killed Ijyb
  1645 | D:3      | Reached skill level 7 in Unarmed Combat
  1728 | D:3      | Reached XP level 6. HP: 44/50 MP: 4/4
  1846 | D:3      | Found an ancient bone altar of Kikubaaqudgha.
  1847 | D:3      | Found a white marble altar of Elyvilon.
  1858 | D:3      | Found a sparkling altar of Nemelex Xobeh.
  1950 | D:3      | Noticed Crazy Yiuf
  1961 | D:3      | Killed Crazy Yiuf
  2242 | D:4      | Reached XP level 7. HP: 35/56 MP: 4/4
  2297 | D:4      | Reached skill level 8 in Unarmed Combat
  2344 | D:4      | Found a sand-covered staircase.
  2396 | D:4      | Got an ancient amber ring
  2400 | Ossuary  | Entered an ossuary
  2799 | Ossuary  | Noticed Menkaure
  2811 | Ossuary  | Killed Menkaure
  3604 | D:4      | Reached skill level 9 in Unarmed Combat
  3605 | D:4      | chacha: waiting around corners and murdering ppl Ftw
  3666 | D:5      | Entered Level 5 of the Dungeon
  3690 | D:5      | jackfruit: its cool that they wait too now
  3746 | D:5      | chacha: waiting is cool
  3783 | D:5      | jackfruit: im trying to get a he sk going
  3916 | D:5      | Reached XP level 8. HP: 36/61 MP: 5/5
  3971 | D:5      | Reached skill level 5 in Dodging
  4253 | D:5      | Got a colourful robe
  4255 | D:5      | Identified the cursed -5 robe of the Bells {rN+ SInv} (You found it on level 5 of the Dungeon)
  4546 | D:6      | Reached skill level 10 in Unarmed Combat
  4664 | D:6      | Reached skill level 11 in Unarmed Combat
  4728 | D:6      | Identified the cursed ring of Inkiut {Wiz +Rage} (You found it on level 4 of the Dungeon)
  4729 | D:6      | chacha: should i uncurse that
  4971 | D:6      | Reached XP level 9. HP: 39/68 MP: 6/6
  5267 | D:6      | jackfruit: sorry wasnt watching what is it
  5268 | D:6      | jackfruit: its a cool ring
  5268 | D:6      | chacha: i already did it
  5268 | D:6      | chacha: its good 4 me i think
  5268 | D:6      | jackfruit: rage will be useful
  5268 | D:6      | chacha: how do u cast rage again
  5268 | D:6      | jackfruit: a
  5275 | D:6      | Found a staircase to the Ecumenical Temple.
  5290 | Temple   | Entered the Ecumenical Temple
  5548 | Temple   | jackfruit: temple on d6: at least its not d7
  5625 | Temple   | Became a worshipper of Yredelemnul the Dark
  5625 | Temple   | Acquired Yredelemnul's first power
  5625 | Temple   | Acquired Yredelemnul's second power
  5931 | D:6      | chacha: lol
  5935 | D:6      | chacha: few
  6326 | D:6      | chacha: lol
  6326 | D:6      | chacha: g'darnit
  6349 | D:6      | jackfruit: dont forget rage
  6349 | D:6      | chacha: im undead
  6349 | D:6      | jackfruit: oh does it not work
  6349 | D:6      | chacha: no
  6349 | D:6      | jackfruit: damn
  6406 | D:6      | jackfruit: i havent played ghoul/mummy much
  6613 | D:6      | chacha: lol
  6972 | D:6      | jackfruit: yre should make mindless undead apathetic imo
  6976 | D:6      | Reached skill level 12 in Unarmed Combat
  7117 | D:6      | Noticed Blork the orc
  7203 | D:6      | chacha: woot
  7244 | D:6      | Killed Blork the orc
  7490 | D:6      | chacha: fuck yeah
  8005 | D:7      | Noticed Edmund
  8239 | D:7      | Acquired Yredelemnul's third power
  8291 | D:7      | chacha: hmm
  8291 | D:7      | chacha: whats X for units
  8291 | D:7      | chacha: Fuck It
  8298 | D:7      | Killed Edmund
  8298 | D:7      | Reached skill level 1 in Invocations
  8511 | D:7      | chacha: wiiise fwom your gwaave
  8598 | D:7      | Noticed Eustachio
  8609 | D:7      | Killed Eustachio
  8609 | D:7      | Reached skill level 13 in Unarmed Combat
  8709 | D:7      | Reached XP level 10. HP: 59/73 MP: 8/8
  9004 | D:8      | jackfruit: might?
  9009 | D:8      | chacha: how do you use wands
  9009 | D:8      | jackfruit: V
  9010 | D:8      | Slain by a killer bee

Action                   |  1- 3 |  4- 6 |  7- 9 | 10-12 || total
-------------------------+-------+-------+-------+-------++-------
Melee: Unarmed           |    78 |   144 |   566 |    37 ||   825
Invok: Animate Remains   |       |       |     5 |       ||     5
       Animate Dead      |       |       |     2 |       ||     2
       Recall Undead Sla |       |       |     1 |       ||     1
Evoke: Wand              |       |       |       |     2 ||     2
  Use: Potion            |     1 |     2 |     8 |     4 ||    15
       Scroll            |       |     2 |     6 |       ||     8
 Stab: Sleeping          |     2 |       |     3 |     1 ||     6
       Distracted        |       |       |     4 |       ||     4
